cohdb
Replays
Latest Replays
All Replays
Popular Replays
Top Player Replays
Match Explorer
How It Works
Community
CoH3 Stats
Reddit
Sign in to upload your games and track your stats! →
Sign in with Steam
Match 42185609
Unlisted
Match 42185609
Overview
Messages
Build Orders
End
Construct Section Command Post
Selects Australian Defense Battlegroup
Selects Australian Light Infantry Section
Australian Light Infantry Section
Dingo Light Scout Car
Australian Light Infantry Section
Construct Platoon Command Post
Humber Armored Car
Selects CMP 15cwt Supply Run
Royal Engineer Section
CMP 15cwt Supply Run
Be.Nice
STALKER4732
petslore
Grumpy
Elvis Aaron Presley
意如亦戊
JIN_47
Shorinji
0
0
Comments
sign in to comment!
No comments posted yet!